 Dungeon Crawl Stone Soup version 0.29-a0-359-g541a27f54d (webtiles) character file.

Game seed: 3920013460070925683

4589 Colgate the Slicer (level 10, 0/64 HPs)
             Began as a Kobold Brigand on Apr 28, 2022.
             Was an Elder of Jiyva.
             Succumbed to Sekuso's ghost's poison
             ... on level 9 of the Dungeon.
             The game lasted 00:36:16 (9121 turns).

Colgate the Slicer (Kobold Brigand)                 Turns: 9121, Time: 00:36:17

Health: 0/64       AC:  8    Str:  8    XL:     10   Next: 68%
Magic:  10/10      EV: 18    Int: 16    God:    Jiyva [****..]
Gold:   518        SH:  0    Dex: 22    Spells: 9/9 levels left

rFire   + . .      SeeInvis .   b - +2 short sword (flame)
rCold   . . .      Faith    .   (no shield)
rNeg    . . .      Spirit   .   m - +1 robe
rPois   .          Reflect  .   r - +2 helmet
rElec   .          Harm     .   c - +2 cloak
rCorr   +          Rampage  .   (no gloves)
Will    .....      Clarity  +   (no boots)
Stlth   ++++++....              l - amulet of regeneration
HPRegen 2.28/turn               B - ring of protection from fire
MPRegen 0.52/turn               (no ring)

@: lethally poisoned (0 -> -23)
A: small, no large weapons, nightstalker 3, clarity, clever 2, wild magic 1,
pseudopods 3, engulf
a: Renounce Religion, Oozemancy, Slimify


You were on level 9 of the Dungeon.
You worshipped Jiyva.
Jiyva was greatly pleased with you.
You visited 2 branches of the dungeon, and saw 10 of its levels.
You visited the Abyss 1 time.

You collected 518 gold pieces.

Inventory:

Hand Weapons
 a - a +2 dagger
 b - a +2 short sword of flaming (weapon)
 p - a +0 short sword
 y - the +6 hand axe "Ymaafaja" {vorpal, MP+9 Int+7}
   (You found it on level 7 of the Dungeon)

   It inflicts extra damage upon your enemies.
   Int:       It affects your intelligence (+7).
   MP:        It affects your magic capacity (+9).
 A - a +0 rapier
Missiles
 d - 22 poisoned darts (quivered)
 e - 2 curare-tipped darts
 n - a boomerang
Armour
 c - a +2 cloak (worn)
 m - a +1 robe (worn)
 r - a +2 helmet (worn)
Jewellery
 f - an amulet of reflection
 l - an amulet of regeneration (around neck)
 B - a ring of protection from fire (left hand)
Wands
 t - a wand of polymorph (2)
Scrolls
 h - a scroll of acquirement {unknown}
 o - a scroll of enchant weapon {unknown}
 q - a scroll of vulnerability {unknown}
 u - a scroll of teleportation {@r3}
 v - a scroll of immolation {unknown}
 x - a scroll of fear
 z - a scroll of fog {unknown}
 C - a scroll of blinking {unknown}
Potions
 g - a potion of lignification {unknown}
 i - a potion of degeneration
 j - 2 potions of attraction
 k - a potion of cancellation {unknown}
 s - a potion of berserk rage
 w - a potion of resistance {@q5}


   Skills:
 - Level 8.0 Fighting
 + Level 13.5 Short Blades
 - Level 2.1 Throwing
 - Level 5.5 Dodging
 - Level 10.4 Stealth
 - Level 2.7 Evocations


You had 9 spell levels left.
You didn't know any spells.
Your spell library contained the following spells:

 Spells                   Type           Power      Damage    Failure   Level
 Ignite Poison            Fire/Tmut/Pois 0%         N/A       67%         3
 Inner Flame              Hex/Fire       0%         N/A       67%         3
 Mephitic Cloud           Conj/Pois/Air  0%         N/A       67%         3
 Cause Fear               Hex            0%         N/A       96%         4
 Freezing Cloud           Conj/Ice/Air   0%         6-21      100%        5
 Discord                  Hex            0%         N/A       100%        8


Dungeon Overview and Level Annotations

Branches:
Dungeon (9/15)             Temple (1/1) D:5
   Lair: D:8-11         Orc: D:9-12

Altars:
Ashenzari
Cheibriados
Dithmenos
Elyvilon
Fedhas
Gozag
Hepliaklqana
Kikubaaqudgha
Makhleb
Nemelex Xobeh
Okawaru
Qazlal
Ru
Sif Muna
Trog
Uskayaw
Vehumet
Wu Jian
Xom
Yredelemnul
Zin
The Shining One
Jiyva

Shops:
D:1 (   D:3 (

Annotations:
D:9 Sekuso's ghost, journeyman FoAr


Innate Abilities, Weirdness & Mutations

You are small and have problems with some larger weapons.
You are completely attuned to the shadows.
You possess an exceptional clarity of mind.
Your mind is very acute. (Int +4)
Your spells are a little harder to cast, but a little more powerful.
Armour fits poorly on your massive pseudopods.
Your melee attacks may engulf your foes in ooze.


Message History

Sekuso's ghost hits you but does no damage.
You are more poisoned.
You hit Sekuso's ghost but do no damage.
Your bludgeon misses Sekuso's ghost.
You feel sick.
You closely miss Sekuso's ghost.
You feel sick.
Sekuso's ghost hits you but does no damage.
You are more poisoned.
You hit Sekuso's ghost but do no damage.
Your bludgeon misses Sekuso's ghost.
You feel very sick.
You hit Sekuso's ghost but do no damage.
You feel very sick.
Sekuso's ghost hits you but does no damage.
You are more poisoned.
You hit Sekuso's ghost. You burn Sekuso's ghost.
You bludgeon Sekuso's ghost, but do no damage.
You feel very sick.
You closely miss Sekuso's ghost.
You punch Sekuso's ghost, but do no damage.
You feel very sick. Sekuso's ghost hits you.
You are more poisoned.
You completely miss Sekuso's ghost.
You feel very sick.
You closely miss Sekuso's ghost. Your bludgeon misses Sekuso's ghost.
You feel very sick.
Sekuso's ghost hits you but does no damage.
You are lethally poisoned!
You hit Sekuso's ghost but do no damage.
* * * LOW HITPOINT WARNING * * *
You feel very sick.
You hear a distant slurping noise.
You barely miss Sekuso's ghost. You bludgeon Sekuso's ghost.
* * * LOW HITPOINT WARNING * * *
You feel very sick. Sekuso's ghost hits you.
* * * LOW HITPOINT WARNING * * *
You are more poisoned.
You barely miss Sekuso's ghost.
You die...

.. #..........#
...#####.#........#
..................#
..................#
........###.....###
.......##⌠##....##
......##...##....#
.....##..!..##...#
.....@W..♣!.⌠#...#
.....##..?..##...#
......##...##....#
...#...##⌠##...###
..#....###........
...........
....#......
##..#......
+..#.....


You could see Sekuso's ghost.

Vanquished Creatures
  Maurice (D:8)
  Prince Ribbit (D:5)
  Grinder (D:5)
  A wyvern (D:7)
  6 yaks (D:9)
  A water elemental (D:5)
  A steam dragon (D:6)
  Edmund (D:4)
  Menkaure (D:5)
  A sky beast (D:8)
  3 black bears
  3 ogres
  2 centaurs
  3 phantoms
  2 kobold brigands
  A bullfrog (D:7)
  A necrophage (D:4)
  A scorpion (D:5)
  3 killer bees (D:8)
  3 howler monkeys (D:7)
  5 hounds
  7 orc priests
  Crazy Yiuf (D:5)
  Natasha (thrice) (D:3)
  2 iguanas
  6 orc wizards
  Robin (D:3)
  3 gnolls (D:4)
  5 adders
  A shadow imp (D:7)
  3 white imps
  An ufetubus (Abyss:1)
  2 worms (D:2)
  29 orcs
  6 ball pythons
  An endoplasm (D:1)
  4 giant cockroaches
  5 hobgoblins
  3 jackals (D:5)
  18 kobolds
  3 quokkas
  6 bats
  2 frilled lizards
  15 goblins
  9 rats
178 creatures vanquished.

Vanquished Creatures (others)
  A thrashing horror (Abyss:1)
  A glowing orange brain (Abyss:1)
  A necrophage (D:4)
  6 howler monkeys
  12 jellies
  A hound (D:6)
  An orc priest (D:9)
  3 iguanas
  An orc wizard (D:8)
  A white imp (D:6)
  A dart slug (D:2)
  An endoplasm (D:4)
  4 orcs
  A giant cockroach (D:4)
  6 goblins
  7 hobgoblins
  A kobold (D:1)
  A rat (D:3)
  A lurking horror (Abyss:1)
51 creatures vanquished.

Grand Total: 229 creatures vanquished

Notes
Turn   | Place    | Note
-------+----------+-------------------------------------------
     0 | D:1      | Colgate the Kobold Brigand began the quest for the Orb.
     0 | D:1      | Reached XP level 1. HP: 12/12 MP: 1/1
    27 | D:1      | Reached skill level 3 in Short Blades
   145 | D:1      | Reached XP level 2. HP: 12/17 MP: 2/2
   351 | D:1      | Reached skill level 4 in Short Blades
   537 | D:1      | Found a faded altar of an unknown god.
   542 | D:1      | Prayed at the altar of an unknown god.
   542 | D:1      | Became a worshipper of Jiyva Juyxuz the Shapeless
   542 | D:1      | Reached * piety under Jiyva
   798 | D:1      | Found Cyipp's Weapon Boutique.
   803 | D:1      | Reached XP level 3. HP: 21/21 MP: 3/3
  1188 | D:2      | Reached ** piety under Jiyva
  1257 | D:2      | Reached XP level 4. HP: 19/26 MP: 4/4
  1652 | D:2      | You fall into a shaft and drop 2 floors!
  1664 | D:4      | Reached skill level 5 in Short Blades
  1711 | D:4      | Reached XP level 5. HP: 29/30 MP: 5/5
  1730 | D:4      | Reached skill level 6 in Short Blades
  1904 | D:4      | Reached skill level 7 in Short Blades
  1904 | D:4      | Reached XP level 6. HP: 35/35 MP: 6/6
  1907 | D:4      | Noticed a black bear
  1918 | D:4      | Killed a black bear
  2093 | D:4      | Reached *** piety under Jiyva
  2264 | D:4      | Reached skill level 8 in Short Blades
  2285 | D:4      | Gained mutation: Your mind is acute. (Int +2) [Jiyva's
                  | grace]
  2285 | D:4      | Gained mutation: Your mind is very acute. (Int +4) [Jiyva's
                  | grace]
  2285 | D:4      | Gained mutation: You possess an exceptional clarity of
                  | mind. [Jiyva's grace]
  2285 | D:4      | Gained mutation: Your spells are a little harder to cast,
                  | but a little more powerful. [Jiyva's grace]
  2419 | D:4      | Noticed Edmund
  2424 | D:4      | Killed Edmund
  2425 | D:4      | Reached skill level 9 in Short Blades
  2425 | D:4      | Reached XP level 7. HP: 40/40 MP: 7/7
  2862 | D:3      | Noticed Natasha
  2868 | D:3      | Killed Natasha
  3063 | D:3      | Found Poiptoi's Weapon Boutique.
  3273 | D:3      | Noticed Robin
  3281 | D:3      | Killed Robin
  3377 | D:3      | Noticed Natasha
  3385 | D:3      | Killed Natasha
  3509 | D:3      | Noticed Natasha
  3520 | D:3      | Killed Natasha
  3521 | D:3      | Reached skill level 10 in Short Blades
  3895 | D:5      | Entered Level 5 of the Dungeon
  3932 | D:5      | Reached XP level 8. HP: 46/46 MP: 8/8
  3936 | D:5      | Noticed Grinder
  3958 | D:5      | Killed Grinder
  4165 | D:5      | Found a staircase to the Ecumenical Temple.
  4233 | D:5      | Noticed Menkaure
  4241 | D:5      | Killed Menkaure
  4242 | D:5      | Reached skill level 5 in Fighting
  4280 | D:5      | Found a runed translucent door.
  4283 | D:5      | Noticed Crazy Yiuf
  4291 | D:5      | Cast into level 1 of the Abyss (Crazy Yiuf)
  4344 | Abyss:1  | Noticed an ice devil
  4344 | Abyss:1  | Noticed a raiju
  4410 | Abyss:1  | Noticed a ynoxinul
  4410 | Abyss:1  | Noticed a purple draconian shifter
  4422 | Abyss:1  | Noticed a starcursed mass
  4424 | Abyss:1  | Noticed a freezing wraith
  4481 | Abyss:1  | Killed a thrashing horror
  4482 | Abyss:1  | Noticed a smoke demon
  4482 | Abyss:1  | Noticed a basilisk
  4511 | Abyss:1  | Noticed a water elemental
  4544 | Abyss:1  | Noticed a sixfirhy
  4580 | Abyss:1  | Killed a glowing orange brain
  4660 | Abyss:1  | Noticed a purple draconian
  4662 | Abyss:1  | Noticed a large abomination
  4676 | Abyss:1  | Noticed a large abomination
  4766 | Abyss:1  | Noticed a small abomination
  4792 | Abyss:1  | Noticed a wretched star
  4842 | D:5      | Escaped the Abyss
  4846 | D:5      | Killed Crazy Yiuf
  4888 | D:5      | Killed a water elemental
  4889 | D:5      | Reached XP level 9. HP: 56/56 MP: 9/9
  5231 | D:5      | Noticed Prince Ribbit
  5235 | D:5      | Killed Prince Ribbit
  5236 | D:5      | Reached skill level 5 in Dodging
  6143 | D:7      | Gained mutation: Your melee attacks may engulf your foes in
                  | ooze. [Jiyva's grace]
  6143 | D:7      | Gained mutation: Armour fits poorly on your pseudopods.
                  | [Jiyva's grace]
  6143 | D:7      | Gained mutation: Armour fits poorly on your large
                  | pseudopods. [Jiyva's grace]
  6143 | D:7      | Gained mutation: Armour fits poorly on your massive
                  | pseudopods. [Jiyva's grace]
  6221 | D:7      | Identified the +6 hand axe "Ymaafaja" {vorpal, MP+9 Int+7}
  6226 | D:7      | Reached **** piety under Jiyva
  6385 | D:7      | Found a broken altar of Ashenzari.
  6493 | D:7      | Reached skill level 10 in Stealth
  6493 | D:7      | Reached XP level 10. HP: 56/64 MP: 6/10
  6807 | D:7      | Found a white marble altar of Elyvilon.
  6807 | D:7      | Found a shimmering altar of Xom.
  6808 | D:7      | Found a basalt altar of Yredelemnul.
  6811 | D:7      | Found a blossoming altar of Fedhas.
  6811 | D:7      | Found a snail-covered altar of Cheibriados.
  6811 | D:7      | Found a shimmering blue altar of Sif Muna.
  6886 | Temple   | Entered the Ecumenical Temple
  7709 | D:8      | Reached skill level 11 in Short Blades
  7907 | D:8      | Noticed Maurice
  7907 | D:8      | Paralysed by Maurice for 6 turns
  7923 | D:8      | Paralysed by something for 7 turns
  7934 | D:8      | Paralysed by something for 4 turns
  8021 | D:8      | Killed Maurice
  8022 | D:8      | Reached skill level 12 in Short Blades
  8956 | D:9      | Reached skill level 13 in Short Blades
  9090 | D:9      | Found a runed translucent door.
  9090 | D:9      | Noticed Sekuso's ghost (journeyman FoAr)
  9121 | D:9      | Succumbed to Sekuso's ghost's poison

Illustrated notes

Levels and vault maps discovered:
D:1:      onia_arrival_handbag, layout_loops_corners,
          chequers_ecumenical_altar_simple, serial_shops,
          nicolae_shop_statue_plus
D:2:      layout_basic, chequers_serial_rivers_marsh, nrook_uturn,
          minmay_tetromino_t4
D:3:      layout_loops_ring, serial_shops, nicolae_shop_advertising_works
          [nicolae_subvault_shop_adworks], uniq_natasha, uniq_robin
D:4:      layout_loops_corners, uniq_edmund
D:5:      cheibrodos_thug_alley, layout_rooms, minmay_temple_entry_proselytizer,
          serial_park_tiny_pond, uniq_crazy_yiuf_cottage, uniq_prince_ribbit1,
          uniq_grinder, uniq_menkaure
D:6:      layout_rooms, kennysheep_boxes
D:7:      layout_gridville, doesnt_xom_only_xom, marbit_many_paths, hex_tiny,
          hangedman_abyss_or_decor_stabs
D:8:      layout_cave_pools, glass_columns_a, sigmund_army, uniq_maurice
D:9:      layout_gridville, orc_0_dummy, hellmonk_ghost_happy_afterlife,
          enter_bailey_2, hangedman_abyss_or_decor_stagger
Temple:   mainiacjoe_temple_big_plus

Skill      XL: |  1  2  3  4  5  6  7  8  9 10 |
---------------+-------------------------------+-----
Short Blades   | 3 4 5 7 9 10 13 | 13.5
Stealth        | 6 10 | 10.4
Evocations     | 2 |  2.7
Fighting       | 3 6 8 |  8.0
Dodging        | 4 5 |  5.5
Throwing       | |  2.1

Action                   |  1- 3 |  4- 6 |  7- 9 | 10-12 || total
-------------------------+-------+-------+-------+-------++-------
Melee: Dagger            |    88 |    73 |    47 |     2 ||   210
       Punch             |       |     2 |     2 |     5 ||     9
       Rapier            |       |    19 |   243 |     1 ||   263
       Pseudopods        |       |       |     5 |    41 ||    46
       Short sword       |       |       |       |   161 ||   161
       Unarmed           |       |       |       |     4 ||     4
Throw: Dart              |       |       |     3 |     1 ||     4
Invok: Oozemancy         |       |       |     5 |     1 ||     6
  Use: Scroll            |       |       |     7 |     3 ||    10
 Stab: Sleeping          |    23 |     5 |    24 |     2 ||    54
       Distracted        |       |     1 |     1 |       ||     2
Armor: Robe              |    11 |     7 |    34 |    19 ||    71
Dodge: Dodged            |    36 |    31 |   155 |    62 ||   284
Block: Other             |    17 |    13 |    45 |     2 ||    77
       Reflection        |     2 |       |     1 |       ||     3

Table legend: (Time is in decaauts)
 A = Elapsed time spent in this place.
 B = Non-inter-level travel time spent in this place.
 C = Inter-level travel time spent in this place.
 D = Time resting spent in this place.
 E = Time spent auto-exploring this place.
 F = Levels seen in this place.
 G = Mean time per level.
                   A        B        C        D        E       F      G
               +--------+--------+--------+--------+--------+-----+--------+
         Total |   8889 |   8418 |    471 |     23 |   6445 |  11 |  808.1 |
       Dungeon |   7735 |   7302 |    433 |     23 |   5901 |   9 |  859.4 |
        Temple |    603 |    566 |     37 |      0 |    544 |   1 |  603.0 |
         Abyss |    550 |    550 |      0 |      0 |      0 |   1 |  550.0 |
               +--------+--------+--------+--------+--------+-----+--------+

Top non-repeatable levels by time:
     D:8: 1261 daAuts
     D:1: 1072 daAuts
     D:4: 1039 daAuts
     D:3: 888 daAuts
     D:2: 847 daAuts
     D:7: 822 daAuts
     D:5: 808 daAuts
     D:6: 782 daAuts
  Temple: 603 daAuts
 Abyss:1: 550 daAuts
     D:9: 212 daAuts
